Map: Abyssal Reef LE

Players

Optimus

  • Race: Terran Terran
  • League: Grandmaster
  • Spawn Location: 11:00

AxImpact (Impact) - Winner!

  • Race: Zerg Zerg
  • League: Diamond
  • Spawn Location: 5:00

Event: HomeStory Cup XVI

VOD

Have the link to the VOD?

Description

Time

  • Played on: Nov. 10, 2017, 6:22 a.m.
  • Length: 9:52

All games in this series

Show
View Real Time Build Order
Export as new Build Order

Optimus Terran 

Build Orders: Gas First Reaper Expand, Reaper Expand 

Get SALT Encoding   

  12  0:00  SCV  
  13  0:12  SCV  
  14  0:17  Supply Depot  
  14  0:25  SCV  
  15  0:29  Refinery  
  15  0:38  SCV  
  16  0:44  Barracks  
  16  0:50  SCV  
  17  1:03  SCV  
  18  1:15  SCV  
  19  1:31  Reaper, Orbital Command  
  20  1:42  Command Center  
  20  1:54  Factory  
  20  1:58  SCV  
  21  2:07  Barracks Reactor  
  21  2:08  Supply Depot  
  21  2:12  SCV  
  22  2:21  Refinery  
  22  2:24  SCV  
  23  2:36  SCV  
  24  2:37  Hellion  
  24  2:43  Starport, Marine x2  
  28  2:49  SCV  
  29  2:56  Orbital Command  
  29  3:01  SCV  
  30  3:07  Marine x2  
  32  3:13  SCV  
  32  3:18  Cyclone  
  36  3:21  SCV  
  36  3:24  Marine  
  36  3:25  SCV  
  38  3:33  SCV  
  39  3:41  Marine  
  38  3:42  Medivac, Marine  
  38  3:43  SCV  
  38  3:46  SCV  
  44  3:54  Supply Depot  
  44  3:55  SCV  
  45  3:58  SCV  
  46  4:10  Supply Depot  
  46  4:14  Liberator  
  46  4:15  SCV x2  
  46  4:16  Hellion x2  
  52  4:20  Supply Depot  
  52  4:28  SCV x2  
  52  4:37  Hellion x2  
  57  4:40  SCV x2  
  58  4:52  SCV x2  
  60  5:00  Command Center  
  60  5:04  SCV x2  
  60  5:05  Cyclone  
  65  5:13  Cyclone  
  68  5:16  SCV  
  69  5:22  SCV  
  69  5:28  Supply Depot, SCV  
  69  5:32  Refinery  
  69  5:34  SCV  
  69  5:40  SCV  
  69  5:41  Cyclone  
  61  5:45  Cyclone  
  61  5:46  SCV  
  54  5:52  SCV  
  54  5:53  Liberator  
  52  5:58  SCV  
  47  6:04  SCV  
  50  6:16  SCV  
  44  6:19  Hellion x2  
  44  6:25  Supply Depot  
  48  6:28  SCV  
  45  6:41  SCV, Cyclone x2  
  45  6:43  Orbital Command  
  51  6:53  SCV  
  33  7:05  SCV  
  26  7:13  SCV  
  25  7:17  SCV  
  25  7:20  Liberator  
  25  7:25  SCV  
  25  7:29  SCV  
  23  7:31  Hellion  
  23  7:32  Hellion  
  27  7:37  SCV  
  27  7:41  SCV  
  32  7:49  Supply Depot, SCV  
  33  7:53  SCV  
  33  7:54  Hellion x2  
  38  8:01  Barracks Reactor, SCV  
  38  8:02  Factory  
  40  8:05  SCV  
  40  8:12  Supply Depot  
  40  8:13  Supply Depot, SCV  
  40  8:17  Hellion x2, SCV  
  46  8:25  SCV  
  47  8:30  Command Center  
  47  8:35  SCV  
  47  8:36  Supply Depot  
  47  8:37  SCV  
  49  8:47  SCV  
  48  8:50  SCV  
  48  8:55  Cyclone x2  
  55  9:00  Cyclone  
  54  9:06  Viking  
  54  9:11  SCV x2  
  54  9:13  Cyclone  
  59  9:20  Supply Depot  
  60  9:25  Refinery  
Show
View Real Time Build Order
Export as new Build Order

AxImpact Zerg - Winner!

Build Orders: Pool First 

Get SALT Encoding   

  12  0:00  Drone  
  13  0:13  Overlord  
  13  0:17  Drone  
  14  0:31  Drone  
  14  0:32  Drone  
  16  0:37  Drone  
  17  0:45  Extractor  
  17  0:47  Spawning Pool  
  15  0:50  Drone  
  17  0:57  Drone  
  17  1:07  Drone  
  18  1:21  Hatchery  
  18  1:24  Drone  
  18  1:33  Zergling x2  
  18  1:39  Queen  
  21  1:46  Metabolic Boost  
  21  1:53  Overlord  
  21  1:56  Drone  
  22  2:12  Drone x2  
  22  2:15  Queen  
  26  2:23  Drone  
  27  2:32  Queen  
  27  2:33  Drone x2  
  31  2:47  Zergling x2  
  31  2:48  Zergling x8  
  36  2:55  Overlord  
  35  3:15  Drone x3  
  35  3:18  Drone  
  40  3:20  Drone  
  40  3:21  Drone  
  40  3:25  Drone  
  42  3:28  Drone, Hatchery  
  42  3:29  Drone x2  
  43  3:37  Zergling x6  
  42  3:43  Zergling x4  
  42  3:46  Roach Warren  
  43  3:52  Overlord  
  43  3:54  Drone  
  44  4:00  Overlord x2  
  44  4:08  Extractor, Overlord  
  44  4:09  Overlord  
  43  4:27  Roach x8  
  60  4:31  Roach  
  60  4:33  Roach  
  60  4:36  Roach  
  64  4:40  Roach  
  64  4:47  Roach  
  64  4:54  Zergling x4  
  64  4:55  Zergling x4  
  64  4:59  Zergling x8  
  72  5:02  Zergling x2  
  72  5:06  Zergling x2  
  73  5:13  Zergling x2  
  73  5:14  Zergling x2  
  72  5:20  Zergling x2  
  69  5:26  Zergling x2  
  70  5:29  Zergling x2  
  70  5:32  Zergling x2  
  70  5:33  Zergling x6  
  72  5:38  Zergling x2  
  72  5:41  Zergling x2  
  72  5:42  Zergling x2  
  69  5:47  Zergling x2  
  69  5:49  Zergling x2  
  59  5:55  Zergling x2  
  59  5:57  Zergling x2  
  60  6:02  Zergling x2  
  60  6:03  Zergling x2  
  57  6:06  Zergling x2  
  57  6:08  Drone  
  55  6:14  Drone  
  55  6:17  Ravager x2  
  55  6:18  Ravager  
  58  6:19  Drone  
  58  6:31  Drone  
  59  6:34  Drone  
  59  6:37  Drone  
  61  6:42  Drone  
  61  6:45  Drone x3  
  64  6:49  Overlord  
  64  6:51  Drone  
  63  6:56  Drone  
  63  6:57  Drone  
  58  7:02  Drone  
  58  7:07  Queen x3  
  57  7:08  Drone  
  57  7:09  Drone  
  57  7:11  Ravager  
  57  7:13  Drone  
  59  7:18  Drone x2  
  59  7:22  Drone  
  58  7:26  Extractor  
  58  7:29  Extractor  
  50  7:31  Roach  
  50  7:33  Roach, Zergling x2  
  55  7:39  Roach  
  55  7:41  Drone  
  55  7:42  Spore Crawler  
  55  7:43  Drone  
  58  7:50  Roach x2  
  62  7:54  Zergling x2  
  63  8:01  Drone x2  
  63  8:03  Roach x3  
  71  8:06  Roach  
  73  8:13  Roach x3  
  73  8:16  Overlord x2  
  73  8:17  Roach  
  73  8:18  Roach  
  73  8:19  Roach  
  84  8:29  Roach x3  
  84  8:31  Overlord  
  84  8:32  Overlord x2  
  90  8:37  Zergling x2  
  90  8:38  Zergling x2  
  90  8:40  Zergling x2  
  93  8:44  Zergling x6  
  93  8:49  Zergling x2  
  93  8:53  Zergling x6  
  95  9:04  Ravager  
  95  9:05  Ravager x4  
  95  9:08  Zergling x4  
  102  9:10  Ravager  
  102  9:15  Zergling x6  
  105  9:19  Zergling x4  
  107  9:27  Zergling x6  
  110  9:34  Zergling x2  
  110  9:35  Zergling x2  
Tags
 
Add a new tag
Caveats
  • Supply blocks, unpowered buildings, or Contaminate may cause inaccurate times.
  • Supply counts are checked every 10 seconds.